TOP OF THE 1ST |
Irvine Gang Green batting - Pitching for Greenville 84s : RHP Jing-xiang Fa
|
Pitching: RHP Jing-xiang Fa
|
|
Batting: LHB Tony Tavárez
|
0-0: Called Strike 0-1: Ball 1-1: Foul Ball, location: 2F 1-2: Foul Ball, location: 2F 1-2: Ground out 3-1 (Groundball, 34)
|
Batting: LHB Leonardo Medina
|
0-0: Ball 1-0: DOUBLE (Groundball, 3L)
|
Batting: LHB Víctor Quiñones
|
0-0: Ground out 4-3 (Groundball, 4) Leonardo Medina to third
|
Batting: RHB Manny Copriviza
|
0-0: Ball 1-0: Ball 2-0: Called Strike 2-1: Ball 3-1: Called Strike 3-2: Ground out 5-3 (Groundball, 56)
|
Top of the 1st over - 0 run(s), 1 hit(s), 0 error(s), 1 left on base; Irvine 0 - Greenville 0 |
BOTTOM OF THE 1ST |
Greenville 84s batting - Pitching for Irvine Gang Green : RHP Jung Chwa
|
Pitching: RHP Jung Chwa
|
|
Batting: RHB Carlos Torres
|
0-0: Called Strike 0-1: Ball 1-1: Ball 2-1: Ball 3-1: Swinging Strike 3-2: Foul Ball, location: 2F 3-2: Strikes out swinging
|
Batting: LHB Chris Moore
|
0-0: Fly out, F8 (Flyball, 8LXD)
|
Batting: RHB Enzo Díaz
|
0-0: Foul Ball, location: 2F 0-1: Called Strike 0-2: Ground out 6-3 (Groundball, 6)
|
Bottom of the 1st over - 0 run(s), 0 hit(s), 0 error(s), 0 left on base; Irvine 0 - Greenville 0 |
TOP OF THE 2ND |
Irvine Gang Green batting - Pitching for Greenville 84s : RHP Jing-xiang Fa
|
Batting: LHB Bill Murphy
|
0-0: Called Strike 0-1: Called Strike 0-2: Ball 1-2: Strikes out swinging
|
Batting: LHB Tom Baker
|
0-0: Ball 1-0: Ball 2-0: Foul Ball, location: 2F 2-1: Called Strike 2-2: Strikes out swinging
|
Batting: RHB Aaron Wilson
|
0-0: Swinging Strike 0-1: Foul Ball, location: 2F 0-2: Foul Ball, location: 2F 0-2: Strikes out swinging
|
Top of the 2nd over - 0 run(s), 0 hit(s), 0 error(s), 0 left on base; Irvine 0 - Greenville 0 |
BOTTOM OF THE 2ND |
Greenville 84s batting - Pitching for Irvine Gang Green : RHP Jung Chwa
|
Batting: LHB Jimmy Vickers
|
0-0: Ball 1-0: Called Strike 1-1: Ground out 6-3 (Groundball, 6M)
|
Batting: LHB Paco Rosas
|
0-0: Ball 1-0: Ball 2-0: Called Strike 2-1: Swinging Strike 2-2: Strikes out swinging
|
Batting: LHB Kiyonaga Morita
|
0-0: Called Strike 0-1: Ball 1-1: Ball 2-1: Swinging Strike 2-2: Foul Ball, location: 2F 2-2: Foul Ball, location: 2F 2-2: Strikes out swinging
|
Bottom of the 2nd over - 0 run(s), 0 hit(s), 0 error(s), 0 left on base; Irvine 0 - Greenville 0 |
TOP OF THE 3RD |
Irvine Gang Green batting - Pitching for Greenville 84s : RHP Jing-xiang Fa
|
Batting: SHB Adrián Ramírez
|
0-0: Called Strike 0-1: Ball 1-1: Ball 2-1: Ball 3-1: SINGLE (Line Drive, 6MD)
|
Batting: RHB Pepe González
|
0-0: Swinging Strike 0-1: Ball 1-1: Swinging Strike 1-2: Ball 2-2: Ball 3-2: Foul Ball, location: 2F 3-2: Foul Ball, location: 2F 3-2: Strikes out looking
|
Batting: LHB Tony Tavárez
|
0-0: Ball 1-0: Foul Ball, location: 2F 1-1: SINGLE (Groundball, 34) (infield hit) Adrián Ramírez to second
|
Batting: LHB Leonardo Medina
|
0-0: Called Strike 0-1: Ball 1-1: Called Strike 1-2: Fielders Choice at 2nd, 3-6 (Groundball, 3) Adrián Ramírez to third
|
Batting: LHB Víctor Quiñones
|
0-0: Called Strike 0-1: Foul Ball, location: 2F 0-2: Ball 1-2: Ball 2-2: Ball 3-2: SINGLE (Groundball, 4) Adrián Ramírez scores Leonardo Medina to second Leonardo Medina to third
|
Batting: RHB Manny Copriviza
|
0-0: Called Strike 0-1: Fielders Choice at 2nd, 5-4 (Groundball, 56)
|
Top of the 3rd over - 1 run(s), 3 hit(s), 0 error(s), 1 left on base; Irvine 1 - Greenville 0 |
BOTTOM OF THE 3RD |
Greenville 84s batting - Pitching for Irvine Gang Green : RHP Jung Chwa
|
Batting: RHB Greg Handrahan
|
0-0: Ball 1-0: Ball 2-0: Called Strike 2-1: Ground out 5-3 (Groundball, 5)
|
Batting: LHB Al Mills
|
0-0: Called Strike 0-1: Ball 1-1: DOUBLE (Line Drive, 7LM)
|
Batting: LHB Luis Zúñiga
|
0-0: Ball 1-0: Ball 2-0: Ground out 4-3 (Groundball, 13) Al Mills to third
|
Batting: RHB Carlos Torres
|
0-0: Ball 1-0: Ball 2-0: Foul Ball, location: 2F 2-1: Ball 3-1: Ground out 6-3 (Groundball, 6)
|
Bottom of the 3rd over - 0 run(s), 1 hit(s), 0 error(s), 1 left on base; Irvine 1 - Greenville 0 |
TOP OF THE 4TH |
Irvine Gang Green batting - Pitching for Greenville 84s : RHP Jing-xiang Fa
|
Batting: LHB Bill Murphy
|
0-0: Ball 1-0: Called Strike 1-1: Foul Ball, location: 2F 1-2: Strikes out looking
|
Batting: LHB Tom Baker
|
0-0: Ball 1-0: Ball 2-0: Called Strike 2-1: Called Strike 2-2: Strikes out looking
|
Batting: RHB Aaron Wilson
|
0-0: Ball 1-0: Called Strike 1-1: Swinging Strike 1-2: Ground out 1-3 (Groundball, 15)
|
Top of the 4th over - 0 run(s), 0 hit(s), 0 error(s), 0 left on base; Irvine 1 - Greenville 0 |
BOTTOM OF THE 4TH |
Greenville 84s batting - Pitching for Irvine Gang Green : RHP Jung Chwa
|
Batting: LHB Chris Moore
|
0-0: Called Strike 0-1: Ball 1-1: Swinging Strike 1-2: Foul Ball, location: 2F 1-2: Ball 2-2: Foul Ball, location: 2F 2-2: Ball 3-2: SINGLE (Line Drive, 6D)
|
Pitching: RHP Carlos Fernández
|
|
Batting: RHB Enzo Díaz
|
0-0: Called Strike 0-1: Ball Wild Pitch! Chris Moore to second 1-1: Foul Ball, location: 2F 1-2: Ball 2-2: Foul Ball, location: 2F 2-2: Ball 3-2: 2-RUN HOME RUN (Line Drive, 7LD), Distance : 360 ft
|
Batting: LHB Jimmy Vickers
|
0-0: Ball 1-0: Fly out, F7 (Flyball, 78D)
|
Batting: LHB Paco Rosas
|
0-0: Foul Ball, location: 2F 0-1: Ball 1-1: Ball 2-1: Foul Ball, location: 2F 2-2: Ground out 3-1 (Groundball, 34S)
|
Batting: LHB Kiyonaga Morita
|
0-0: Called Strike 0-1: Foul Ball, location: 2F 0-2: Fly out, F6 (Line Drive, 6)
|
Bottom of the 4th over - 2 run(s), 2 hit(s), 0 error(s), 0 left on base; Irvine 1 - Greenville 2 |
TOP OF THE 5TH |
Irvine Gang Green batting - Pitching for Greenville 84s : RHP Jing-xiang Fa
|
Batting: SHB Adrián Ramírez
|
0-0: Foul Ball, location: 2F 0-1: DOUBLE (Line Drive, 7LS)
|
Batting: RHB Pepe González
|
0-0: Ground out 6-3 (Groundball, 6M) Adrián Ramírez to third
|
Batting: LHB Tony Tavárez
|
0-0: Ball 1-0: Foul Ball, location: 2F 1-1: Swinging Strike 1-2: Strikes out swinging
|
Batting: LHB Leonardo Medina
|
0-0: Ball 1-0: Ball 2-0: Foul Ball, location: 2F 2-1: 2-RUN HOME RUN (Flyball, 9D), Distance : 335 ft
|
Batting: LHB Víctor Quiñones
|
0-0: Called Strike 0-1: Swinging Strike 0-2: Ball 1-2: Ball 2-2: Foul Ball, location: 2F 2-2: Ball 3-2: Base on Balls
|
Batting: RHB Manny Copriviza
|
0-0: Foul Ball, location: 2F 0-1: Called Strike 0-2: DOUBLE (Flyball, 9D) Víctor Quiñones to third Runner from 3rd tries for Home, SAFE, no throw or cutoff
|
Batting: LHB Bill Murphy
|
0-0: Called Strike 0-1: Called Strike 0-2: Strikes out swinging
|
Top of the 5th over - 3 run(s), 3 hit(s), 0 error(s), 1 left on base; Irvine 4 - Greenville 2 |
BOTTOM OF THE 5TH |
Greenville 84s batting - Pitching for Irvine Gang Green : RHP Carlos Fernández
|
Batting: RHB Greg Handrahan
|
0-0: Ball 1-0: Ball 2-0: Ball 3-0: Ground out 3-1 (Groundball, 34)
|
Batting: LHB Al Mills
|
0-0: Ball 1-0: Ball 2-0: Ball 3-0: Called Strike 3-1: Foul Ball, location: 2F 3-2: Ground out 4-3 (Groundball, 34)
|
Batting: LHB Luis Zúñiga
|
0-0: Fly out, F7 (Flyball, 7LM)
|
Bottom of the 5th over - 0 run(s), 0 hit(s), 0 error(s), 0 left on base; Irvine 4 - Greenville 2 |
TOP OF THE 6TH |
Irvine Gang Green batting - Pitching for Greenville 84s : RHP Jing-xiang Fa
|
Batting: LHB Tom Baker
|
0-0: Ball 1-0: SINGLE (Groundball, 13) (infield hit)
|
Batting: RHB Aaron Wilson
|
0-0: Ball 1-0: Ball 2-0: Called Strike 2-1: Fielders Choice at 2nd, 6-4 (Groundball, 56)
|
Pitching: RHP Tommy Smith
|
|
Batting: SHB Adrián Ramírez
|
0-0: Ball 1-0: Ball 2-0: Ball 3-0: Called Strike 3-1: Grounds into double play, 5-4-3 (Groundball, 56)
|
Top of the 6th over - 0 run(s), 1 hit(s), 0 error(s), 0 left on base; Irvine 4 - Greenville 2 |
BOTTOM OF THE 6TH |
Greenville 84s batting - Pitching for Irvine Gang Green : RHP Carlos Fernández
|
Batting: RHB Carlos Torres
|
0-0: Swinging Strike 0-1: Ball 1-1: Foul Ball, location: 2F 1-2: SINGLE (Groundball, 34D)
|
Batting: LHB Chris Moore
|
0-0: Foul Ball, location: 2F 0-1: Ball 1-1: Foul Ball, location: 2F 1-2: Foul Ball, location: 2F 1-2: Foul Ball, location: 2F 1-2: Fly out, F8 (Flyball, 8LS)
|
Batting: RHB Enzo Díaz
|
0-0: Foul Ball, location: 2F 0-1: Ball 1-1: Swinging Strike 1-2: Fly out, F8 (Flyball, 8LD)
|
Batting: LHB Jimmy Vickers
|
0-0: 2-RUN HOME RUN (Flyball, 78XD), Distance : 377 ft
|
Batting: LHB Paco Rosas
|
0-0: Ball 1-0: SOLO HOME RUN (Flyball, 78XD), Distance : 391 ft
|
Batting: LHB Kiyonaga Morita
|
0-0: Ball 1-0: Ball 2-0: Ball 3-0: Base on Balls
|
Pitching: LHP José Gómez
|
|
Batting: RHB Greg Handrahan
|
0-0: Swinging Strike 0-1: Foul Ball, location: 2F 0-2: Strikes out swinging
|
Bottom of the 6th over - 3 run(s), 3 hit(s), 0 error(s), 1 left on base; Irvine 4 - Greenville 5 |
TOP OF THE 7TH |
Irvine Gang Green batting - Pitching for Greenville 84s : RHP Tommy Smith
|
Batting: RHB Pepe González
|
0-0: Called Strike 0-1: Ball 1-1: Foul Ball, location: 2F 1-2: Ball 2-2: Fly out, F7 (Flyball, 7D)
|
Batting: LHB Tony Tavárez
|
0-0: Ball 1-0: Ball 2-0: Ground out 4-3 (Groundball, 4)
|
Batting: LHB Leonardo Medina
|
0-0: Called Strike 0-1: Ball 1-1: Fly out, F8 (Line Drive, 8RXD)
|
Top of the 7th over - 0 run(s), 0 hit(s), 0 error(s), 0 left on base; Irvine 4 - Greenville 5 |
BOTTOM OF THE 7TH |
Greenville 84s batting - Pitching for Irvine Gang Green : LHP José Gómez
|
Batting: LHB Al Mills
|
0-0: Swinging Strike 0-1: Fly out, F9 (Flyball, 9D)
|
Batting: LHB Luis Zúñiga
|
0-0: Ball 1-0: Ball 2-0: SINGLE (Line Drive, 9S)
|
Batting: RHB Carlos Torres
|
0-0: Foul Ball, location: 2F 0-1: DOUBLE (Flyball, 89D) Luis Zúñiga to third Runner from 3rd tries for Home, SAFE, throw made home
|
Batting: LHB Chris Moore
|
0-0: Foul Ball, location: 2F 0-1: Foul Ball, location: 2F 0-2: Strikes out looking
|
Batting: RHB Enzo Díaz
|
0-0: Called Strike 0-1: Foul Ball, location: 2F 0-2: Ball 1-2: Fly out, F7 (Flyball, 7D)
|
Bottom of the 7th over - 1 run(s), 2 hit(s), 0 error(s), 1 left on base; Irvine 4 - Greenville 6 |
TOP OF THE 8TH |
Irvine Gang Green batting - Pitching for Greenville 84s : RHP Tommy Smith
|
Batting: LHB Víctor Quiñones
|
0-0: Foul Ball, location: 2F 0-1: Swinging Strike 0-2: Foul Ball, location: 2F 0-2: Ball 1-2: Foul Ball, location: 2F 1-2: Ball 2-2: Foul Ball, location: 2F 2-2: DOUBLE (Line Drive, 9LS)
|
Pitching: RHP Pierre Deschênes
|
|
Batting: RHB Manny Copriviza
|
0-0: Called Strike 0-1: Ball 1-1: Fly out, F9 (Flyball, 9D) Runner from 2nd tags up, SAFE at 3rd, no throw
|
Pitching: LHP Manuel Herrera
|
|
Batting: LHB Bill Murphy
|
0-0: Ball 1-0: Ball 2-0: Ball 3-0: Called Strike 3-1: Base on Balls
|
Pinch Hitting: RHB José Salazar
|
0-0: Ball 1-0: Ball 2-0: Called Strike 2-1: Foul Ball, location: 2F 2-2: SINGLE (Groundball, 6MD) Víctor Quiñones scores Bill Murphy to second Runner from 2nd tries for 3rd, SAFE, throw made to third
|
Pitching: RHP Dave Johnston
|
|
Pinch Hitting: LHB Jesús Campos
|
0-0: Called Strike 0-1: Swinging Strike 0-2: Ball 1-2: Foul Ball, location: 2F 1-2: Fielders Choice at 2nd, 1-6 (Groundball, 13)
|
Batting: SHB Adrián Ramírez
|
0-0: Ball 1-0: Ball 2-0: Called Strike 2-1: Ball 3-1: Foul Ball, location: 2F 3-2: Base on Balls Jesús Campos to second
|
Pinch Hitting: LHB Lorenzo Quintanilla
|
0-0: Foul Ball, location: 2F 0-1: Ball 1-1: Ball 2-1: Ball 3-1: Foul Ball, location: 2F 3-2: Strikes out swinging
|
Top of the 8th over - 1 run(s), 2 hit(s), 0 error(s), 3 left on base; Irvine 5 - Greenville 6 |
BOTTOM OF THE 8TH |
Greenville 84s batting - Pitching for Irvine Gang Green : LHP José Gómez
|
Now at 2B: José García
|
|
Now at 3B: José Salazar
|
|
Now in RF: Jesús Campos
|
|
Batting: LHB Jimmy Vickers
|
0-0: Ball 1-0: Ball 2-0: Called Strike 2-1: Swinging Strike 2-2: Strikes out swinging
|
Batting: LHB Paco Rosas
|
0-0: Ball 1-0: Ball 2-0: Foul Ball, location: 2F 2-1: Swinging Strike 2-2: SOLO HOME RUN (Flyball, 89XD), Distance : 383 ft
|
Batting: LHB Kiyonaga Morita
|
0-0: Ground out 4-3 (Groundball, 4)
|
Batting: RHB Greg Handrahan
|
0-0: Foul Ball, location: 2F 0-1: Swinging Strike 0-2: Foul Ball, location: 2F 0-2: Ball 1-2: Ground out 5-3 (Groundball, 5S)
|
Bottom of the 8th over - 1 run(s), 1 hit(s), 0 error(s), 0 left on base; Irvine 5 - Greenville 7 |
TOP OF THE 9TH |
Irvine Gang Green batting - Pitching for Greenville 84s : RHP Dave Johnston
|
Pitching: LHP Francisco Ríos
|
|
Batting: LHB Tony Tavárez
|
0-0: Called Strike 0-1: SINGLE (Groundball, 5D)
|
Batting: LHB Leonardo Medina
|
0-0: Ball 1-0: Ball 2-0: Foul Ball, location: 2F 2-1: Fly out, F8 (Line Drive, 8LXD)
|
Batting: LHB Víctor Quiñones
|
0-0: Ball 1-0: Ball 2-0: Foul Ball, location: 2F 2-1: Called Strike 2-2: Ball 3-2: Fly out, F7 (Flyball, 7D) Runner from 1st tags up, SAFE at 2nd
|
Batting: RHB Manny Copriviza
|
0-0: Swinging Strike Passed Ball! Tony Tavárez to third 0-1: Ball 1-1: Called Strike 1-2: Ground out 5-3 (Groundball, 5L)
|
Top of the 9th over - 0 run(s), 1 hit(s), 0 error(s), 1 left on base; Irvine 5 - Greenville 7 |
|